 Dungeon Crawl Stone Soup version 0.18-a0-1788-g92de1ac (webtiles) character file.

39 Mefis the Magician (level 3, -1/37 HPs)
             Began as a Human Wizard on Apr 20, 2016.
             Was an Initiate of Vehumet.
             Slain by an adder (3 damage)
             ... on level 2 of the Dungeon.
             The game lasted 00:15:47 (1486 turns).

Mefis the Magician (Human Wizard)                   Turns: 1486, Time: 00:15:48

Health: -1/37      AC: 21    Str: 12    XL:     3   Next: 70%
Magic:  1/8        EV:  2    Int: 19    God:    Vehumet [......]
Gold:   129        SH:  0    Dex: 11    Spells: 4 memorised, 2 levels left

rFire  . . .     SeeInvis .     s - +2 quarterstaff (chaos)
rCold  . . .     Gourm    .     (armour currently unavailable)
rNeg   + + +     Faith    .     (shield currently unavailable)
rPois  +         Spirit   .     (helmet currently unavailable)
rElec  .         Dismiss  .     (cloak currently unavailable)
rCorr  .         Reflect  .     (gloves currently unavailable)
SustAt .         Harm     .     (boots currently unavailable)
MR     .....     NoTele   +     e - amulet of rage
Stlth  ++........               (no ring)
                                (no ring)

@: mighty, lethally poisoned (-1 -> -3), tree-form, very slightly contaminated,
repel missiles, not resistant to hostile enchantments, unstealthy
A: no striking features
a: Renounce Religion, Evoke Berserk Rage


You were on level 2 of the Dungeon.
You worshipped Vehumet.
Vehumet was noncommittal.
You were hungry.
You were a tree.
You visited 1 branch of the dungeon, and saw 2 of its levels.

You collected 129 gold pieces.

Inventory:

Hand Weapons
 l - a +0 mace
 s - a +2 quarterstaff of chaos (weapon)
Missiles
 i - 16 bolts
 m - 16 arrows
Armour
 a - a +0 robe (melded)
 b - a +0 hat (melded)
 t - a +0 cloak of poison resistance (melded)
Jewellery
 e - an amulet of rage (around neck)
Wands
 r - a wand of digging (12/24)
Scrolls
 f - a scroll of fear {unknown}
 h - 3 scrolls of teleportation {unknown}
 q - a scroll of remove curse {unknown}
Potions
 k - a potion of invisibility
Books
 c - a book of Minor Magic

   Spells                             Type                      Level
   a - Magic Dart                     Conjuration                  1
   b - Blink                          Translocation                2
   c - Call Imp                       Summoning                    2
   d - Repel Missiles                 Charms/Air                   2
   e - Slow                           Hexes                        2
   f - Conjure Flame                  Conjuration/Fire             3
   g - Mephitic Cloud                 Conjuration/Poison/Air       3
Comestibles
 d - 2 bread rations
 g - a fruit
 j - a meat ration
 o - 2 chunks of flesh


   Skills:
 + Level 0.8 Fighting
 + Level 2.2 Dodging
 + Level 2.4 Stealth
 + Level 3.6 Spellcasting
 + Level 1.1 Conjurations
 + Level 1.1 Summonings
 + Level 1.0 Translocations


You had 2 spell levels left.
You knew the following spells:

 Your Spells              Type           Power        Failure   Level  Hunger
a - Magic Dart            Conj           #...         10%         1    None
b - Call Imp              Summ           #.......     14%         2    ##.....
c - Blink                 Tloc           N/A          17%         2    ##.....
d - Repel Missiles        Chrm/Air       #.....       24%         2    ##.....


Dungeon Overview and Level Annotations

Branches:
Dungeon (2/15)

Altars:
Vehumet

Annotations:
D:2 Sigmund


Message History

You are lethally poisoned!
The adder poisons you!
Casting: Blink
Confirm with . or Enter, or press ? or * to list all spells.
Okay, then.
Drink which item? (? for menu, Esc to quit)
It was a potion of lignification.
You turn into a tree.
Your +0 cloak of poison resistance melds into your body.
Your +0 hat melds into your body.
Your +0 robe melds into your body.
Your roots penetrate the ground.
The adder bites you but does no damage.
Drink which item? (? for menu, Esc to quit)
It was a potion of might.
You feel very mighty all of a sudden.
The adder bites you but does no damage. x2
* * * LOW HITPOINT WARNING * * *
You feel sick. The adder bites you but does no damage.
The adder bites you but does no damage.
* * * LOW HITPOINT WARNING * * *
You feel sick. The adder bites you.
You die...

#.##.## ##.......## #@#.##
#.#...####.........###....#####
#........+.........'...........
#.#...####.........###..S<#####
#.##.## ##.......####.#.####
#.#### ##.....## #.......# #.#
##...## ##...###># ##.#####
##+## #..#..##.# ##......## #♣#
#.###.##.# #.#......# #S#
#..#..##.# #######..##
####.######...###.# #....#
#.................# ♣....♣
##.....#.##<#.##### ♣♣...♣
##...##.##.#.# ♣♣.♣♣
##.###.##.#.# ♣♣.♣ #.# #......#
♣5♣♣ #.######.###


You could see an adder.

Vanquished Creatures
  An adder (D:2)
  2 dart slugs (D:2)
  A bat (D:2)
  A giant cockroach (D:2)
  A goblin (D:1)
  A ball python (D:1)
  A giant newt (D:1)
  2 kobolds
  4 rats
14 creatures vanquished.

Vanquished Creatures (collateral kills)
  Crazy Yiuf (D:2)
1 creature vanquished.

Grand Total: 15 creatures vanquished

Notes
Turn   | Place    | Note
--------------------------------------------------------------
     0 | D:1      | Mefis the Human Wizard began the quest for the Orb.
     0 | D:1      | Reached XP level 1. HP: 13/13 MP: 4/4
   579 | D:2      | Found a radiant altar of Vehumet.
   604 | D:2      | Became a worshipper of Vehumet
   638 | D:2      | Noticed Sigmund
   970 | D:2      | Reached XP level 2. HP: 9/20 MP: 0/6
   975 | D:2      | Learned a level 2 spell: Call Imp
   979 | D:2      | Learned a level 2 spell: Blink
  1029 | D:2      | Learned a level 2 spell: Repel Missiles
  1179 | D:2      | Reached XP level 3. HP: 19/25 MP: 5/8
  1252 | D:2      | Noticed Crazy Yiuf
  1257 | D:2      | Killed Crazy Yiuf
  1486 | D:2      | Slain by an adder

Vault maps used:
D:1:      dpeg_arrival_chambers_temple_mockup, hangedman_decor_points,
          serial_bayou_ford_a, serial_bayou_lagoon_a
D:2:      lemuel_crystal_altar, fiery_altar_vehumet, uniq_sigmund,
          uniq_crazy_yiuf_cottage

Action                   || total
-------------------------++-------
Melee: Mace              ||    51
       Quarterstaff      ||     3
 Cast: Magic Dart        ||    28
       Repel Missiles    ||     1
       Call Imp          ||     4
       Blink             ||     1
  Use: Potion            ||     4
 Stab: Sleeping          ||     3
  Eat: Fruit             ||     1
       Chunk             ||     1
Armor: Robe              ||     6
       Skin              ||     5
Dodge: Dodged            ||    25
       Deflected         ||     1
